 Dungeon Crawl Stone Soup version 0.29.1-13-g9f3cf754e1 (webtiles) character file.

Game seed: 7000835451495716299

72 Exodus22XD the Covered (level 4, 40/40 HPs)
             Began as a Minotaur Fighter on Feb 4, 2023.
             Was a Follower of Wu Jian.
             Quit the game on level 2 of the Dungeon.
             The game lasted 00:01:05 (1351 turns).

Exodus22XD the Covered (Minotaur Fighter)           Turns: 1351, Time: 00:01:06

Health: 40/40      AC:  9    Str: 23    XL:     4   Next: 6%
Magic:  3/3        EV:  7    Int:  5    God:    Wu Jian [*.....]
Gold:   102        SH:  4    Dex:  9    Spells: 3/3 levels left

rFire   . . .      SeeInvis .   a - +0 war axe
rCold   . . .      Faith    .   c - +0 buckler
rNeg    . . .      Spirit   .   h - +0 chain mail
rPois   .          Reflect  .   (helmet restricted)
rElec   .          Harm     .   (no cloak)
rCorr   .          Rampage  .   (no gloves)
Will    .....                   (no boots)
Stlth   ..........              (no amulet)
HPRegen 0.13/turn               (no ring)
MPRegen 0.08/turn               (no ring)

@: no status effects
A: horns 2, retaliatory headbutt
a: Renounce Religion


You were on level 2 of the Dungeon.
You worshipped Wu Jian.
Wu Jian was aware of your devotion.
You visited 1 branch of the dungeon, and saw 2 of its levels.

You collected 102 gold pieces.

Inventory:

Hand Weapons
 a - a +0 war axe (weapon)
Armour
 c - a +0 buckler (worn)
 h - a +0 chain mail (worn)
Scrolls
 b - 2 scrolls of identify {unknown}
 e - a scroll of magic mapping {unknown}
 g - a scroll of blinking {unknown}
 i - 2 scrolls of teleportation {unknown}
 j - a scroll of vulnerability {unknown}
Potions
 d - a potion of might
 f - a potion of resistance {unknown}
 k - a potion of ambrosia {unknown}


   Skills:
 + Level 4.1 Fighting
 + Level 3.9 Axes
 + Level 4.4 Armour
 + Level 4.0 Shields


You had 3 spell levels left.
You didn't know any spells.
Your spell library was empty.

Dungeon Overview and Level Annotations

Branches:
Dungeon (2/15)

Altars:
Wu Jian


Innate Abilities, Weirdness & Mutations

You have a pair of horns on your head.
You reflexively headbutt those who attack you in melee.


Message History

You kill the ball python!
The adder bites you but does no damage. You block the adder's attack.
An adder is nearby!
You hit the adder.
The adder is moderately wounded.
You block the adder's attack. The adder closely misses you.
You furiously retaliate!
You headbutt the adder!
You kill the adder!
Your Shields skill increases to level 4!
You have reached level 4!
You feel stronger.
You now have 102 gold pieces (gained 3).
Found a stone staircase leading down.
No target in view!
Key pressed, stopping explore.
No target in view!
No target in view!
No target in view!
A rat comes into view.
A quokka comes into view.
There are monsters nearby!
Found a faded altar of an unknown god.
The rat bites you but does no damage.
You barely miss the rat. The rat bites you but does no damage.
The rat barely misses you. You furiously retaliate!
You headbutt the rat!
You kill the rat!
The quokka bites you but does no damage.
You block the quokka's attack.
A quokka is nearby!
You slash the quokka!
You kill the quokka!
You see here a rat corpse.
Found 14 gold pieces.
Found a sling.
There is a faded altar of an unknown god here.
You cannot tell which god this altar belongs to.
Convert to them anyway?
Wu Jian accepts your prayer! The Council welcomes you!
You can now perform damaging attacks by moving towards foes.
You can now lightly attack monsters by moving around them.
Are you sure you want to abandon this character and quit the game? (Confirm with "yes".)

..........###.##.....
......†..............
....8...†...#......#
........#...#......#
#####...#...#..$...#.
##.............).
#...............
#......#..#...#
##.....#@.# ..#
#.###.#..# #. .......
## ###...... ########


There were no monsters in sight!

Vanquished Creatures
  2 adders (D:2)
  A worm (D:2)
  7 endoplasms
  2 giant cockroaches
  4 goblins
  2 hobgoblins
  3 jackals (D:2)
  4 quokkas
  5 ball pythons
  3 bats
  8 frilled lizards (D:2)
  3 kobolds
  5 rats
49 creatures vanquished.

Vanquished Creatures (others)
  2 plants (D:2)
2 creatures vanquished.

Grand Total: 51 creatures vanquished

Notes
Turn   | Place    | Note
-------+----------+-------------------------------------------
     0 | D:1      | Exodus22XD the Minotaur Fighter began the quest for the
                  | Orb.
     0 | D:1      | Reached XP level 1. HP: 19/19 MP: 0/0
   206 | D:1      | Reached XP level 2. HP: 19/27 MP: 1/1
   620 | D:2      | Reached XP level 3. HP: 20/33 MP: 2/2
  1310 | D:2      | Reached XP level 4. HP: 37/40 MP: 3/3
  1339 | D:2      | Found a faded altar of an unknown god.
  1350 | D:2      | Prayed at the altar of an unknown god.
  1350 | D:2      | Became a worshipper of the Wu Jian Council
  1350 | D:2      | Reached * piety under Wu Jian
  1351 | D:2      | Quit the game

Illustrated notes

Levels and vault maps discovered:
D:1:      scummos_arrival_checkerplants, layout_basic
D:2:      layout_basic, hellmonk_ecumenical_altar_lost_god, st_stairs_1,
          minmay_lizard_king

Skill      XL: |  1  2  3 |
---------------+----------+-----
Armour         | 4 |  4.4
Fighting       | 4 |  4.1
Axes           | 3 |  3.9
Shields        | 4 |  4.0

Action                   |  1- 3 |  4- 6 || total
-------------------------+-------+-------++-------
Melee: War axe           |   101 |     2 ||   103
       Headbutt          |    10 |       ||    10
Armor: Scale mail        |     9 |       ||     9
       Chain mail        |    52 |     3 ||    55
Dodge: Dodged            |    47 |     1 ||    48
Block: Buckler           |    20 |     1 ||    21
